 Dungeon Crawl Stone Soup version 0.24-a0-232-g49d9ff8 (webtiles) character file.

Game seed: 2263949438849318426

114 xeno23 the Sneak (level 4, 0/45 HPs)
             Began as an Octopode Assassin on Apr 4, 2019.
             Succumbed to an adder's poison
             ... on level 2 of the Dungeon.
             The game lasted 00:04:57 (1688 turns).

xeno23 the Sneak (Octopode Assassin)                Turns: 1688, Time: 00:04:58

Health: 0/45       AC: 22    Str: 13 (15) XL:     4   Next: 97%
Magic:  4/4        EV:  2    Int: 11 (13) God:
Gold:   150        SH:  0    Dex: 12 (14) Spells: 3/3 levels left

rFire    . . .     SeeInvis .   a - +2 dagger
rCold    . . .     Gourm    .   (no shield)
rNeg     + + +     Faith    .   (helmet currently unavailable)
rPois    +         Spirit   .   (no amulet)
rElec    .         Reflect  .   (no ring)
rCorr    .         Harm     .   (no ring)
MR       .....     NoTele   +   (no ring)
Stlth    +++.......             (no ring)
HPRegen  0.15/turn              (no ring)
MPRegen  0.09/turn              (no ring)
                                (no ring)
                                (no ring)

@: mighty, lethally poisoned (0 -> -4), tree-form
A: almost no armour, stealthy swim, (amphibious), 8 rings, (constrict 8)
a: no special abilities


You were on level 2 of the Dungeon.
You were not hungry.
You were a tree.
You visited 1 branch of the dungeon, and saw 3 of its levels.

You collected 150 gold pieces.

Inventory:

Hand Weapons
 a - a +2 dagger (weapon)
 b - a +0 blowgun
Missiles
 c - 21 poisoned needles
 d - 2 curare-tipped needles
Scrolls
 h - a scroll of random uselessness {unknown}
 j - a scroll of identify {unknown}
 k - 2 scrolls of blinking {unknown}
 l - 2 scrolls of teleportation {unknown}
 m - a scroll of remove curse {unknown}
 n - a scroll of enchant weapon {unknown}
 o - a scroll of immolation {unknown}
Potions
 e - 3 potions of degeneration
Comestibles
 f - 5 rations
 p - 2 chunks of flesh


   Skills:
 + Level 2.9 Fighting
 * Level 3.7 Short Blades
 - Level 2.0 Throwing
 - Level 1.0 Dodging
 + Level 6.2 Stealth


You had 3 spell levels left.
You didn't know any spells.
Your spell library was empty.

Dungeon Overview and Level Annotations

Branches:
Dungeon (3/15)

Altars:
Gozag
Nemelex Xobeh
Ru


Innate Abilities, Weirdness & Mutations

You cannot wear most types of armour.
You are very stealthy in the water. (Stealth+)
((You are amphibious.))
You can wear up to eight rings at the same time.
((You can use your tentacles to constrict eight enemies at once.))
((Your skin changes colour to match your surroundings (Stealth+).))
((Your rubbery body absorbs attacks. (AC +1, EV +1)))


Message History

You hit the adder.
You kill the adder!
* * * LOW HITPOINT WARNING * * *
You feel sick.
You take 1 damage.
Okay, then.
Why would you want to do that? Why would you want to do that?
There is a lethal amount of poison in your body!
You cannot move.
There is a lethal amount of poison in your body!
You cannot move.
You cannot move.
Drop what? 14/52 slots (_ for help) (? for menu, Esc to quit)
Okay, then.
Okay, then.
* * * LOW HITPOINT WARNING * * *
You feel sick.
You take 1 damage.
You die...

##.######.....#
#..........#.#
########...... #####
##..##.. ##...## #.......
#############.###.#
#.#.##.) ..............#
#.# #.#.....
##.#.###.####.###.####
#.#..... ##.#..[..#
##.†♣....# #.##.#.#
##....##.# #######.#
#.##†#.# ##.#.###.# #.#
#......# ##.#.###.# #.#
###...##
....<....###########.#
#...#
##.#######...........#
##.## #.#
#.....##..####.#######...##
##.#
#.....##..####.##..##.....#
...#
#......#...........#......[


There were no monsters in sight!

Vanquished Creatures
  4 adders (D:2)
  2 oozes (D:1)
  3 dart slugs (D:2)
  A leopard gecko (D:2)
  An orc (D:2)
  6 bats
  4 giant cockroaches
  9 goblins
  9 hobgoblins
  7 jackals
  2 frilled lizards (D:1)
  5 kobolds
  5 rats
58 creatures vanquished.

Notes
Turn   | Place    | Note
-------+----------+-------------------------------------------
     0 | D:1      | xeno23 the Octopode Assassin began the quest for the Orb.
     0 | D:1      | Reached XP level 1. HP: 14/14 MP: 1/1
    43 | D:1      | Reached XP level 2. HP: 19/19 MP: 2/2
   199 | D:1      | Reached XP level 3. HP: 25/25 MP: 3/3
   756 | D:2      | Found a sparkling altar of Nemelex Xobeh.
  1026 | D:2      | Reached skill level 6 in Stealth
  1026 | D:2      | Reached XP level 4. HP: 30/30 MP: 4/4
  1114 | D:2      | Found an opulent altar of Gozag.
  1202 | D:2      | Found a sacrificial altar of Ru.
  1576 | D:3      | Noticed a wyvern
  1682 | D:2      | HP: 2/45 [poisoned by an adder]
  1688 | D:2      | Succumbed to an adder's poison

Levels and vault maps discovered:
D:1:      dpeg_arrival_rooms_b, layout_basic, hangedman_decor_clover_reticule
D:2:      layout_loops_cross, nicolae_ru_sacrificial_ziggurat,
          lemuel_round_altar, lemuel_doored_altar
D:3:      layout_rooms, grunt_temple_overflow_open

Skill      XL: |  1  2  3 |
---------------+----------+-----
Short Blades   | 3 |  3.7
Stealth        | 6 |  6.2
Fighting       | |  2.9
Throwing       | |  2.0
Dodging        | |  1.0

Action                   |  1- 3 |  4- 6 || total
-------------------------+-------+-------++-------
Melee: Dagger            |    61 |    44 ||   105
       Tentacles         |    11 |     8 ||    19
       Constrict         |    16 |    10 ||    26
  Use: Potion            |       |     3 ||     3
 Stab: Sleeping          |    10 |     9 ||    19
       Distracted        |     1 |       ||     1
  Eat: Chunk             |       |     2 ||     2
Armor: Skin              |     6 |    12 ||    18
Dodge: Dodged            |    23 |    31 ||    54

Table legend:
 A = Non-vault XP
 B = Vault XP
 C = Vault XP percentage of total XP
 D = Non-vault monster count
 E = Vault monster count
 F = Vault count percentage of total count
                 A         B        C        D         E       F
            +---------+---------+-------+---------+---------+-------
      Total |     163 |       0 |   0.0 |      58 |       0 |   0.0
            +---------+---------+-------+---------+---------+-------
        D:1 |      58 |       0 |   0.0 |      29 |       0 |   0.0
        D:2 |     103 |       0 |   0.0 |      28 |       0 |   0.0
        D:3 |       2 |       0 |   0.0 |       1 |       0 |   0.0
            +---------+---------+-------+---------+---------+-------
